 Dungeon Crawl Stone Soup version 0.30-a0-424-g7412bad402 (webtiles) character file.

Game seed: 18196849652276845966

362 SPOOX the Ruffian (level 6, -3/53 HPs)
             Began as a Ghoul Monk on Dec 10, 2022.
             Was a Believer of Makhleb.
             Slain by an ogre
             ... wielding a +0 giant club
              (32 damage)
             ... on level 5 of the Dungeon.
             The game lasted 00:27:45 (3829 turns).

SPOOX the Ruffian (Ghoul Monk)                      Turns: 3829, Time: 00:27:45

Health: -3/53      AC:  9    Str: 23    XL:     6   Next: 66%
Magic:  5/5        EV:  9    Int:  5    God:    Makhleb [**....]
Gold:   278        SH:  0    Dex: 11    Spells: 5/5 levels left

rFire   . . .      SeeInvis .      - Unarmed
rCold   + . .      Faith    .    (no shield)
rNeg    + + +      Spirit   .    d - +0 chain mail
rPois   ∞          Reflect  .    (no helmet)
rElec   .          Harm     .    j - +0 cloak
rCorr   .          Rampage  .    (no gloves)
Will    .....                    (no boots)
Stlth   ..........               (no amulet)
HPRegen 0.00/turn                n - +6 ring of strength
MPRegen 0.09/turn                p - ring of flight

@: flying, inhibited regen
A: claws 1, cold resistance 1, negative energy resistance 3, inhibited
regeneration, torment resistance 2, devour on kill
a: Renounce Religion, Minor Destruction


You were on level 5 of the Dungeon.
You worshipped Makhleb.
Makhleb was pleased with you.
You visited 2 branches of the dungeon, and saw 6 of its levels.

You collected 278 gold pieces.

Inventory:

Missiles
 c - 7 poisoned darts (quivered)
Armour
 d - a +0 chain mail (worn)
 j - a +0 cloak (worn)
Jewellery
 n - a +6 ring of strength (left claw)
 p - a ring of flight (right claw)
Scrolls
 a - 3 scrolls of identify
 f - 4 scrolls of teleportation
 h - a scroll of amnesia {unknown}
 k - a scroll of noise {unknown}
 m - a scroll of enchant weapon {unknown}
 o - a scroll of brand weapon {unknown}
Potions
 b - a potion of ambrosia
 e - a potion of might
 g - a potion of brilliance
 i - a potion of invisibility
 l - a potion of mutation {unknown}


   Skills:
 + Level 4.5 Fighting
 + Level 2.3 Armour
 + Level 3.7 Dodging
 - Level 2.1 Stealth
 * Level 5.7 Unarmed Combat


You had 5 spell levels left.
You didn't know any spells.
Your spell library contained the following spells:

 Spells                   Type           Power      Damage    Failure   Level
 Static Discharge         Conj/Air       0%         2-2/arc   100%        2
 Vhi's Electric Charge    Tloc/Air       0%         N/A       100%        3
 Arcjolt                  Conj/Air       0%         1d10      100%        5
 Lightning Bolt           Conj/Air       0%         1d11      100%        5
 Summon Forest            Summ/Tloc      0%         N/A       100%        5
 Summon Mana Viper        Hex/Summ       0%         N/A       100%        5
 Summon Cactus Giant      Summ           0%         N/A       100%        6


Dungeon Overview and Level Annotations

Branches:
Dungeon (5/15)             Temple (1/1) D:5

Altars:
Cheibriados
Dithmenos
Kikubaaqudgha
Makhleb
Nemelex Xobeh
Okawaru
Qazlal
Sif Muna
Trog
Xom
Yredelemnul


Innate Abilities, Weirdness & Mutations

You are immune to poison.
You have sharp fingernails.
Your flesh is cold resistant. (rC+)
You are immune to negative energy. (rN+++)
You do not regenerate when monsters are visible.
You are immune to unholy pain and torment.
You thrive by killing the living.


Message History

Your extra speed is starting to run out.
You feel yourself slow down.
There is a stone staircase leading up here.
You fly upwards.
There is a stone staircase leading down here.
There is a stone staircase leading down here.
You start resting.
HP restored.
You fly downwards.
There is a stone staircase leading up here.
You reach down and open the door.
There is an open door here.
c - 7 poisoned darts (gained 5)
h - a scroll labelled TOEDGH NISEDEQO As you open the door, it creaks loudly!
An ogre comes into view. It is wielding a +0 giant club.
The ogre shouts!
The ogre hits you with a +0 giant club!!
There is an open door here.
You claw the ogre!
The ogre is moderately wounded.
You claw the ogre!
The ogre is heavily wounded.
The ogre hits you with a +0 giant club.
You feel much better. The ogre hits you with a +0 giant club!
You completely miss the ogre.
The ogre is heavily wounded.
You scratch the ogre.
The ogre is severely wounded.
The ogre hits you with a +0 giant club!
You scratch the ogre but do no damage.
The ogre is severely wounded.
You scratch the ogre.
The ogre is severely wounded.
The ogre closely misses you.
You scratch the ogre.
The ogre is severely wounded.
The ogre hits you with a +0 giant club!!
Ouch! That really hurt!
You die...

#.# ..# #.# #.# #.#..
#.# #.#.## #.# #.#.##
#.# #.#.## #O# #.#.##
##@####### #.#.##
#........# ##'#..#
#####........####.....#
+..............##......
#............#..#.....#
#....#######.##.#.....#
#....#######.##.....###
+....+..............+..
#....#######.#......###


You could see an ogre.

Vanquished Creatures
  A phantom (D:4)
  A hound (D:4)
  A jelly (D:5)
  4 iguanas
  5 adders
  2 shadow imps
  An ufetubus (D:5)
  An orc (D:4)
  5 endoplasms
  A giant cockroach (D:4)
  3 goblins (D:3)
  6 hobgoblins
  8 jackals
  A quokka (D:4)
  3 ball pythons
  9 bats
  5 frilled lizards
  3 kobolds
  9 rats
69 creatures vanquished.

Vanquished Creatures (others)
  4 plants (D:5)
4 creatures vanquished.

Grand Total: 73 creatures vanquished

Notes
Turn   | Place    | Note
-------+----------+-------------------------------------------
     0 | D:1      | SPOOX the Ghoul Monk began the quest for the Orb.
     0 | D:1      | Reached XP level 1. HP: 19/19 MP: 0/0
   192 | D:1      | Reached XP level 2. HP: 9/26 MP: 1/1
   553 | D:1      | Reached XP level 3. HP: 20/31 MP: 2/2
   940 | D:2      | Found a faded altar of an unknown god.
   982 | D:2      | Reached skill level 1 in Armour
   982 | D:2      | Reached skill level 4 in Unarmed Combat
  1672 | D:3      | Reached XP level 4. HP: 39/40 MP: 3/3
  2302 | D:4      | Reached XP level 5. HP: 46/46 MP: 4/4
  2525 | D:4      | Found a sparkling altar of Nemelex Xobeh.
  2703 | D:4      | Noticed a phantom
  2711 | D:4      | Killed a phantom
  2712 | D:4      | Reached skill level 5 in Unarmed Combat
  2712 | D:4      | Reached XP level 6. HP: 52/52 MP: 5/5
  2894 | D:5      | Entered Level 5 of the Dungeon
  2905 | D:5      | Found a staircase to the Ecumenical Temple.
  3062 | Temple   | Entered the Ecumenical Temple
  3347 | Temple   | Became a worshipper of Makhleb the Destroyer
  3347 | Temple   | Reached * piety under Makhleb
  3347 | Temple   | Reached ** piety under Makhleb
  3829 | D:5      | Slain by an ogre

Illustrated notes

Levels and vault maps discovered:
D:1:      psy_arrival_dodecagon, layout_loops_ring
D:2:      layout_basic, shapermc_ecumenical_altar_mp_highgroup
D:3:      layout_basic
D:4:      layout_basic, mainiacjoe_overflow_small_starburst
D:5:      layout_basic, mainiacjoe_overflow_surrounded_room,
          fedhas_ov_isle_minmay, temple_pool_b, minmay_misc_feat_tiny,
          uniq_grinder, uniq_eustachio, uniq_sigmund
Temple:   grunt_temple_mini_profane

Skill      XL: |  1  2  3  4  5 |
---------------+----------------+-----
Armour         | 1 2 |  2.3
Dodging        | 3 |  3.7
Unarmed Combat | 4 5 |  5.7
Fighting       | 4 |  4.5
Stealth        | |  2.1

Action                   |  1- 3 |  4- 6 || total
-------------------------+-------+-------++-------
Melee: Unarmed           |   113 |   129 ||   242
       Punch             |     2 |     1 ||     3
Throw: Dart              |       |     2 ||     2
Invok: Minor Destruction |       |     2 ||     2
  Use: Scroll            |     3 |     3 ||     6
       Potion            |       |     4 ||     4
 Stab: Sleeping          |     2 |       ||     2
Armor: Robe              |    14 |       ||    14
       Chain mail        |    29 |    80 ||   109
Dodge: Dodged            |    83 |    57 ||   140

Table legend: (Time is in decaauts)
 A = Elapsed time spent in this place.
 B = Non-inter-level travel time spent in this place.
 C = Inter-level travel time spent in this place.
 D = Time resting spent in this place.
 E = Time spent auto-exploring this place.
 F = Levels seen in this place.
 G = Mean time per level.
                   A        B        C        D        E       F      G
               +--------+--------+--------+--------+--------+-----+--------+
         Total |   3774 |   3653 |    121 |    156 |   2242 |   6 |  629.0 |
       Dungeon |   3448 |   3364 |     84 |    104 |   2110 |   5 |  689.6 |
        Temple |    325 |    288 |     37 |     52 |    132 |   1 |  325.0 |
               +--------+--------+--------+--------+--------+-----+--------+

Top non-repeatable levels by time:
     D:2: 829 daAuts
     D:1: 799 daAuts
     D:4: 668 daAuts
     D:3: 613 daAuts
     D:5: 538 daAuts
  Temple: 325 daAuts
